 Dungeon Crawl Stone Soup version 0.29-a0-925-g0a7a3d12f8 (webtiles) character file.

Game seed: 10460291904674834815

512 Newt the Slasher (level 6, -1/52 HPs)
             Began as a Draconian Cinder Acolyte on July 29, 2022.
             Was a High Priest of Ignis.
             Succumbed to Blork the orc's poison
             ... on level 5 of the Dungeon.
             The game lasted 00:07:36 (4015 turns).

Newt the Slasher (Draconian Cinder Acolyte)         Turns: 4015, Time: 00:07:36

Health: -1/52      AC: 15    Str: 21    XL:     6   Next: 99%
Magic:  1/10       EV: 27    Int: 13    God:    Ignis [*****.]
Gold:   143        SH:  0    Dex:  7    Spells: 8/10 levels left

rFire   + + .      SeeInvis .   a - +0 falchion (flame)
rCold   . . .      Faith    .   (no shield)
rNeg    . . .      Spirit   .   (body armour unavailable)
rPois   .          Reflect  .   (helmet restricted)
rElec   .          Harm     .   (no cloak)
rCorr   .          Rampage  .   c - +1 pair of gloves
Will    .....                   (no boots)
Stlth   +.........              r - amulet of the acrobat
HPRegen 0.17/turn               h - ring of protection from fire
MPRegen 0.12/turn               (no ring)

@: lethally poisoned (-1 -> -12), acrobatic, fiery-armoured, hasted, very quick
A: AC +6, unfitting armour, cold-blooded, strong 1
a: Renounce Religion, Fiery Armour, Foxfire Swarm, Rising Flame


You were on level 5 of the Dungeon.
You worshipped Ignis.
Ignis was extremely pleased with you.
You visited 1 branch of the dungeon, and saw 5 of its levels.

You collected 143 gold pieces.

Inventory:

Hand Weapons
 a - a +0 falchion of flaming (weapon)
 d - a +0 short sword of speed
Missiles
 b - a throwing net
Armour
 c - a +1 pair of gloves (worn)
Jewellery
 h - a ring of protection from fire (left hand)
 r - an amulet of the acrobat (around neck)
Wands
 o - a wand of paralysis (7)
 s - a wand of polymorph (2)
Potions
 i - a potion of attraction
 p - a potion of berserk rage {unknown}
 q - a potion of lignification {unknown}


   Skills:
 + Level 4.1 Fighting
 + Level 4.9 Long Blades
 + Level 2.7 Dodging
 + Level 2.8 Spellcasting
 + Level 4.5 Fire Magic
 + Level 0.5 Evocations


You had 8 spell levels left.
You knew the following spells:

 Your Spells              Type           Power      Damage    Failure   Level
a - Scorch                Fire           26%        2d6       5%          2

Your spell library contained the following spells:

 Spells                   Type           Power      Damage    Failure   Level
 Ensorcelled Hibernation  Hex/Ice        2%         N/A       34%         2
 Passwall                 Tmut/Erth      0%         N/A       34%         2
 Swiftness                Air            1%         N/A       56%         3


Dungeon Overview and Level Annotations

Branches:
Dungeon (5/15)
 Temple: D:4-7

Altars:
Fedhas
Gozag
Hepliaklqana
Nemelex Xobeh
Okawaru
Trog
Wu Jian

Shops:
D:1 *

Annotations:
D:3 exclusion: oklob plant
D:5 Blork the orc


Innate Abilities, Weirdness & Mutations

Your plain brown scales are hard. (AC +6)
You cannot fit into any form of body armour.
You are cold-blooded and may be slowed by cold attacks.
Your muscles are strong. (Str +4, Int/Dex -1)


Message History

Unknown command.
Casting: Scorch (safe; 5% risk of failure)
Press: ? - help, Q - select action, (/) - cycle Dir - look around, f - activate Flames lash Blork the orc.
Blork the orc is heavily wounded.
Blork the orc's fire resistance burns away.
* * * LOW HITPOINT WARNING * * *
You feel sick.
Blork the orc drinks a potion.
Blork the orc is healed!
You closely miss Blork the orc.
You feel sick.
Blork the orc hits you with a +0 battleaxe of venom.
* * * LOW HITPOINT WARNING * * *
You are more poisoned.
It was a potion of curing.
You feel better. Blork the orc closely misses you.
A necrophage comes into view.
You closely miss Blork the orc. You tail-slap Blork the orc.
Blork the orc is lightly wounded.
Blork the orc barely misses you.
You hit Blork the orc but do no damage. You tail-slap Blork the orc.
Blork the orc is moderately wounded.
Blork the orc is no longer more vulnerable to fire.
Blork the orc points at you and mumbles some strange words.
The magic dart hits you.
* * * LOW HITPOINT WARNING * * *
A protective cloak of flame settles atop you.
Blork the orc closely misses you.
Unknown command.
Activating: Foxfire Swarm
Press: ? - help, Dir - look around, f - activate Flames leap up around you!
Blork the orc hits you with a +0 battleaxe of venom.
* * * LOW HITPOINT WARNING * * *
You are lethally poisoned!
Blork the orc is burned by your cloak of flames.
Blork the orc is moderately wounded.
Blork the orc barely misses your foxfire.
Blork the orc closely misses your foxfire.
Blork the orc hits your foxfire with a +0 battleaxe of venom.
Your foxfire dissipates!
Found 6 stones.
You die...

# .# .# ..#
###..#
#vv(.# #@#
#<#
#.vvovn....#
####v###.#.#
#.# #.# #..
###


You could see Blork the orc (fast, ally target).

Vanquished Creatures
  A black bear (D:4)
  A bullfrog (D:4)
  A necrophage (D:3)
  2 hounds
  An orc priest (D:4)
  An iguana (D:4)
  An orc wizard (D:4)
  2 gnolls (D:4)
  8 adders
  A dart slug (D:1)
  3 orcs
  5 ball pythons
  6 bats
  7 endoplasms
  2 giant cockroaches
  3 goblins
  8 hobgoblins
  4 jackals
  A quokka (D:1)
  8 frilled lizards
  4 kobolds
  5 rats
75 creatures vanquished.

Vanquished Creatures (others)
  14 fungi (D:3)
  34 plants (D:3)
  12 toadstools (D:3)
60 creatures vanquished.

Grand Total: 135 creatures vanquished

Notes
Turn   | Place    | Note
-------+----------+-------------------------------------------
     0 | D:1      | Newt the Draconian Cinder Acolyte began the quest for the
                  | Orb.
     0 | D:1      | Reached XP level 1. HP: 19/19 MP: 2/2
    11 | D:1      | Found Quum's Assorted Antiques.
    96 | D:1      | Reached XP level 2. HP: 16/26 MP: 3/3
    99 | D:1      | Learned a level 2 spell: Scorch
  1007 | D:2      | Reached XP level 3. HP: 22/31 MP: 4/4
  1198 | D:2      | Found Qess's Antique Armour Emporium.
  1710 | D:2      | Gained mutation: Your muscles are strong. (Str +4, Int/Dex
                  | -1) [potion of mutation]
  2019 | D:3      | Noticed a necrophage
  2074 | D:3      | Found a hazy altar of Hepliaklqana.
  2101 | D:3      | Reached skill level 1 in Dodging
  2101 | D:3      | Reached XP level 4. HP: 32/40 MP: 2/6
  2380 | D:3      | Killed a necrophage
  2381 | D:3      | Reached XP level 5. HP: 40/46 MP: 1/7
  2777 | D:3      | Found a blossoming altar of Fedhas.
  2789 | D:3      | Noticed an oklob plant
  2910 | D:3      | Found a bloodstained altar of Trog.
  3119 | D:4      | Noticed Blork the orc
  3392 | D:4      | Found an iron altar of Okawaru.
  3392 | D:4      | Found an ornate altar of the Wu Jian Council.
  3392 | D:4      | Found an opulent altar of Gozag.
  3713 | D:4      | Reached XP level 6. HP: 46/52 MP: 4/9
  3905 | D:4      | Found a sparkling altar of Nemelex Xobeh.
  4007 | D:5      | Entered Level 5 of the Dungeon
  4014 | D:5      | HP: 1/52 [Blork the orc/+0 battleaxe of venom (6)]
  4015 | D:5      | Succumbed to Blork the orc's poison

Illustrated notes

Levels and vault maps discovered:
D:1:      saegor_arrival_simple_c, layout_loops_ring, serial_shops, shop
D:2:      layout_loops_ring, serial_shops, shop
D:3:      minmay_wonky_spiral, layout_rooms, tgw_fedhas,
          mainiacjoe_overflow_paths, general_overflow_altar, serial_forest,
          infiniplex_forest_lined_ring, infiniplex_forest_clump_diagonal,
          infiniplex_forest_lined_room_2, infiniplex_forest_corner_1,
          infiniplex_forest_lined_2, infiniplex_forest_straight_2,
          infiniplex_forest_straight_2, infiniplex_forest_lined_room_3,
          minmay_door_square, moated_statue
D:4:      layout_loops_ring, nemelex_diamond_rough_becter,
          gammafunk_temple_overflow_claw, marbit_many_paths,
          chequers_serial_rivers_small_3, uniq_crazy_yiuf_cottage,
          uniq_blork_the_orc
D:5:      layout_loops_ring, gammafunk_ghost_smash, bh_walls_and_bars

Skill      XL: |  1  2  3  4  5  6 |
---------------+-------------------+-----
Dodging        | 1 2 |  2.7
Long Blades    | 4 |  4.9
Fire Magic     | 4 |  4.5
Spellcasting   | 2 |  2.8
Fighting       | 4 |  4.1
Evocations     | |  0.5

Action                   |  1- 3 |  4- 6 || total
-------------------------+-------+-------++-------
Melee: Falchion          |   146 |   131 ||   277
       Tailslap          |    11 |    13 ||    24
       Punch             |     1 |       ||     1
 Cast: Scorch            |    10 |    33 ||    43
Invok: Foxfire Swarm     |       |     1 ||     1
       Fiery Armour      |       |     1 ||     1
Evoke: Wand              |       |     1 ||     1
  Use: Scroll            |     3 |     8 ||    11
       Potion            |     1 |     3 ||     4
Armor: Skin              |    67 |    54 ||   121
Dodge: Dodged            |   110 |   127 ||   237

Table legend: (Time is in decaauts)
 A = Elapsed time spent in this place.
 B = Non-inter-level travel time spent in this place.
 C = Inter-level travel time spent in this place.
 D = Time resting spent in this place.
 E = Time spent auto-exploring this place.
 F = Levels seen in this place.
 G = Mean time per level.
                   A        B        C        D        E       F      G
               +--------+--------+--------+--------+--------+-----+--------+
         Total |   4056 |   3920 |    136 |    290 |   2874 |   5 |  811.2 |
       Dungeon |   4056 |   3920 |    136 |    290 |   2874 |   5 |  811.2 |
               +--------+--------+--------+--------+--------+-----+--------+

Top non-repeatable levels by time:
     D:3: 1301 daAuts
     D:2: 1184 daAuts
     D:1: 862 daAuts
     D:4: 702 daAuts
     D:5: 5 daAuts
